Merlek, chaotic female elven Ranger --- --- }}}| |..---- |.----- ----}}}| ---- ---- |.....----------|.....-- |..}}}- ----|..| |..|------..........%|.......%-.}}}- |((.-..----..|.=!.*|---....^...@.....%))@.;}.| |((.|....|...-?.).!|..|.--------%--+.....;!}.- |((.|........|?[..%|..|.|. |..|.....|...d}}......- -----..`.....-------*--%|#+-#||.....|...}}}}.....| |.......[..........%.|.....|-----|..}}}}}.....| --......%....-|-----|-|.....| |.}}}}}}.....| --...---|---..|..|(.|..|.....| |.}}}}}......- ---....|.....|..|.(|..|..|-|------ |..}}}}}....... |......|(%...|..----|-----.......| |.}}}}}}}........ |.#....|..[..|..................-- -a};}}}};-+---+-... |......|.....|...------.........| .}}oho}}}| ... --..#..--------..-.).(|.....----- }}.o}}}}.| -- --.........-----|....|.....-..| }.}..o}}}.- -.----.....----------.....|..| }}}....}}}.. |.....................|--- }}.....}}}.. ----------------------- }}.---.}}}}.| }}-- ---}}}}| Merlek the Trailblazer Experience level: 6 Strength: 17 Dexterity: 9 Constitution: 15 Intelligence: 14 Wisdom: 14 Charisma: 7 Health: 0(36) Energy: 40(40) Def: 12 Gold: 124 Moves: 2947 Dungeon seed: 4fJcLN7ilv0Pu-xG Game ID: Merlek_1624821652 Your Inventory: Coins $ - 124 gold pieces Weapons a - an uncursed +1 elven dagger (weapon in hand) b - an uncursed +2 elven bow (alternate weapon; not wielded) c - 58 uncursed +2 elven arrows (in quiver) d - 35 uncursed +0 elven arrows Q - 5 uncursed +0 daggers Armor e - an uncursed +2 elven cloak (being worn) n - an uncursed +0 pair of water walking boots (being worn) q - an uncursed +0 orcish helm N - an uncursed +0 dwarvish mithril-coat (being worn) Y - an uncursed +0 dwarvish iron helm (being worn) Comestibles f - 5 uncursed lembas wafers j - an uncursed melon m - an uncursed tripe ration x - an uncursed fortune cookie R - an uncursed food ration Scrolls i - an uncursed scroll of enchant weapon t - 2 uncursed scrolls of create monster v - an uncursed scroll of scare monster I - 2 uncursed scrolls of identify M - an uncursed scroll of light Potions l - an uncursed potion of see invisible p - a blessed potion of booze r - a cursed potion of invisibility u - a cursed potion of levitation z - 3 uncursed potions of hallucination A - an uncursed potion of gain ability B - a cursed potion of monster detection E - a potion of holy water O - an uncursed potion of extra healing Rings o - an uncursed ring of cold resistance Wands g - an uncursed wand of slow monster (0:3) Tools k - an uncursed skeleton key named tele J - an uncursed tin whistle P - an uncursed tallow candle (0:200) Spells and supernatural/magical abilities: Name Level Category Fail Memory W - pray for help -- divine ? -- Your skills at the end: Miscellaneous Skills wands [Basic] Weapon Skills dagger [Basic] bow [Basic] Spellcasting Skills Final Attributes: You were piously aligned. You were sleep resistant. You were telepathic. You had automatic searching. You had infravision. You were stealthy. You could walk on water. You were lucky. You are dead. Vanquished creatures: a giant mimic a quantum mechanic 2 gnome kings a dwarf lord a bugbear a Mordor orc 4 gnome lords a gray ooze 3 puppies a floating eye a homunculus an iguana a rothe a monkey 3 orc zombies 5 killer bees 3 coyotes a gas spore 2 hobbits an acid blob a large kobold 3 geckos 3 giant rats 2 brown molds a green mold 7 gnomes a gnome zombie 4 jackals 9 newts a goblin 2 sewer rats 3 grid bugs 5 lichens 3 kobold zombies 80 creatures vanquished. Voluntary challenges: You did not adorn yourself with jewelry or accessories. You did not cause conflict. You were not invisible. You did not have reflection. You were not displaced. You used a wielded weapon 97 times, starting on turn 3. You did not apply a unicorn horn. You did not use plumbed fixtures. You did not drink any magical draughts. You were illiterate. You never genocided any monsters. You never polymorphed an object. You never changed form. You used no wishes. You never split a pudding. You never wrote Elbereth's name. You violated your moral code, losing 1 point of alignment, starting on turn 2891. Dungeon overview: The Dungeons of Doom: levels 1 to 6 Level 1 an altar to Mercury a long staircase Level 2 (vault) a fountain Level 3 stairs to The Gnomish Mines Level 4 some fountains Level 5 many fountains Level 6 a fountain The Gnomish Mines: levels 4 to 6 Level 4 stairs to The Dungeons of Doom Level 5 Level 6 <- You were here some shops, a temple to Venus, a magic chest, some trees History has recorded: On T:1 you entered the Dungeons of Doom to retrieve the Amulet of Yendor! On T:190 you reached level 2 of The Dungeons of Doom. On T:432 you reached level 3 of The Dungeons of Doom. On T:590 you advanced to experience level 2. On T:794 you reached level 4 of The Dungeons of Doom. On T:907 you reached level 5 of The Dungeons of Doom. On T:924 you advanced to experience level 3. On T:963 you reached level 6 of The Dungeons of Doom. On T:1040 you advanced to experience level 4. On T:2145 you reached level 1 of The Gnomish Mines. On T:2163 you reached level 2 of The Gnomish Mines. On T:2178 you advanced to experience level 5. On T:2222 you reached level 3 of The Gnomish Mines. On T:2429 you entered the Minetown temple On T:2466 you advanced to experience level 6. Score breakdown: Gold: 124 ( 12 points) Experience: 6 levels ( 500 points) Exploration: 6 levels ( 150 points) Discoveries: 5 items ( 250 points) Variety of kills: 34 monsters ( 1700 points) Major goal: reached Minetown ( 500 points) Survival: died (score multiplied by 3) Total score: 9336 Latest messages: You stab the Mordor orc! The Mordor orc punches you! You stab the Mordor orc! You kill the Mordor orc! You see here a newt corpse. The killer bee misses. (2x) The large dog misses the killer bee. The killer bee stings! The large dog misses the killer bee. You stab the killer bee. The killer bee misses. The large dog bites the killer bee. The killer bee is killed! The jellyfish misses. You see here a knife. You see here a newt corpse. You stab the piranha! The piranha bites! The piranha misses. You stab the piranha! The piranha bites! (2x) You die... Final status: Goodbye Merlek the Ranger, killed by a piranha... You died in The Gnomish Mines on dungeon level 6 with 9336 points, and 124 pieces of gold, after 2947 moves. You were level 6 with a maximum of 36 hit points when you died.